 Dungeon Crawl Stone Soup version 0.32-a0-630-g46d191b0ed (webtiles) character file.

Game seed: 10914721622362497646

330 adelrune the Shooter (level 6, -14/47 HPs)
             Began as a Coglin Hunter on Mar 6, 2024.
             Was a Follower of Yredelemnul.
             Demolished by jasper's ghost (17 damage)
             ... on level 4 of the Dungeon.
             The game lasted 00:08:29 (2405 turns).

adelrune the Shooter (Coglin Hunter)                Turns: 2405, Time: 00:08:30

Health: -14/47     AC:  3    Str: 11    XL:     6   Next: 51%
Magic:  6/6        EV: 13    Int:  9    God:    Yredelemnul [*.....]
Gold:   193        SH:  0    Dex: 19    Spells: 5/5 levels left

rFire   . . .        a - +2 sling {Ari}
rCold   . . .        d - +0 sling {Margit}
rNeg    . . .        c - +0 leather armour
rPois   .            (no helmet)
rElec   .            (no cloak)
rCorr   .            (no gloves)
SInv    .            (no boots)
Will    .....        (amulet unavailable)
Stlth   ++           (ring unavailable)
HPRegen 0.27/turn    (ring unavailable)
MPRegen 0.10/turn    (no gizmo)

%: no passive effects
@: wreathed by umbra, revved
A: off-hand wielding, slow wielding, warmup strikes, no jewellery
a: Invent Gizmo, Renounce Religion, Light the Black Torch, Recall Undead Harvest


You were on level 4 of the Dungeon.
You worshipped Yredelemnul.
Yredelemnul was noncommittal.
You visited 1 branch of the dungeon, and saw 4 of its levels.

You collected 193 gold pieces.

Inventory:

Hand Weapons
 a - a +2 sling (weapon) {Ari}
 d - a +0 sling (offhand) {Margit}
Armour
 c - a +0 leather armour (worn)
Wands
 s - a wand of iceblast (7)
Scrolls
 b - a scroll of butterflies
 e - a scroll of amnesia {unknown}
 g - 4 scrolls of teleportation {unknown}
 h - 2 scrolls of fear {unknown}
 j - 3 scrolls of identify {unknown}
 k - 2 scrolls of fog {unknown}
 l - a scroll of revelation {unknown}
 n - a scroll of enchant weapon {unknown}
 o - a scroll of immolation {unknown}
 t - a scroll of poison {unknown}
 u - a scroll of vulnerability {unknown}
Potions
 f - a potion of resistance {unknown}
 i - 2 potions of curing {unknown}
 m - a potion of mutation {unknown}
 p - a potion of ambrosia {unknown}
 q - a potion of might {unknown}
 r - a potion of lignification {unknown}


   Skills:
 + Level 3.5 Fighting
 * Level 5.4 Ranged Weapons
 + Level 3.2 Dodging
 - Level 0.7 Stealth
 + Level 1.2 Invocations


You had 5 spell levels left.
You didn't know any spells.
Your spell library contained the following spells:

 Spells                   Type           Power      Damage    Failure   Level
 Hailstorm                Conj/Ice       0%         3d5       85%         3
 Summon Ice Beast         Ice/Summ       0%         N/A       85%         3
 Sculpt Simulacrum        Ice/Alch       0%         N/A       100%        6


Dungeon Overview and Level Annotations

Branches:
Dungeon (4/15)             Temple (0/1) D:4

Altars:
Makhleb
Ru
Yredelemnul

Annotations:
D:4 jasper's ghost, amateur DsSh


Innate Abilities, Weirdness & Mutations

You can wield a second weapon in your off-hand.
It takes a long time for you to wield or remove held weapons.
Your first few attacks do less damage.
You cannot equip rings or amulets.


Message History

The sling bullet barely misses jasper's ghost.
Jasper's ghost hits you!
You are too injured to fight recklessly!
You are too injured to fight recklessly!
You are too injured to fight recklessly!
You are too injured to fight recklessly!
You are too injured to fight recklessly!
You are too injured to fight recklessly!
You shoot a sling bullet.
The sling bullet hits jasper's ghost but does no damage.
Jasper's ghost is moderately damaged.
You shoot a sling bullet.
The sling bullet closely misses jasper's ghost.
Jasper's ghost hits you!
* * * LOW HITPOINT WARNING * * *
You shoot a sling bullet.
The sling bullet completely misses jasper's ghost.
You shoot a sling bullet. The sling bullet hits jasper's ghost.
Jasper's ghost is moderately damaged.
Jasper's ghost closely misses you.
You shoot a sling bullet. The sling bullet hits jasper's ghost.
Jasper's ghost is moderately damaged.
You shoot a sling bullet.
The sling bullet barely misses jasper's ghost.
Jasper's ghost hits you.
* * * LOW HITPOINT WARNING * * *
Jasper's ghost barely misses you.
You shoot a sling bullet. The sling bullet hits jasper's ghost.
Jasper's ghost is moderately damaged.
You shoot a sling bullet.
The sling bullet hits jasper's ghost but does no damage.
Jasper's ghost is moderately damaged.
Jasper's ghost closely misses you.
You shoot a sling bullet.
The sling bullet barely misses jasper's ghost.
You shoot a sling bullet.
The sling bullet barely misses jasper's ghost.
Jasper's ghost hits you!
You die...
Your body rises from the dead as a mindless zombie.

###Z.......
##...[......
####...........
###..#....#..[...
#................
####............).
#.........###.....
#........##⌠##....
#@W.....##...##...
##.....##..!..##..
##....'...♣..⌠#..
#####....##..?..##..
#...#.....##...##...
#..†.......##⌠##....
#.......#...###.....
##.......#.......#..
###.....##.....#...


You could see jasper's ghost.

Vanquished Creatures
  A hound (D:4)
  Ijyb (D:3)
  Robin (D:2)
  An adder (D:3)
  2 dart slugs (D:1)
  4 ribbon worms
  4 orcs
  7 bats (D:1)
  6 endoplasms
  A giant cockroach (D:2)
  12 goblins
  8 hobgoblins
  3 jackals (D:1)
  4 quokkas (D:1)
  6 ball pythons
  2 frilled lizards (D:2)
  7 kobolds
  4 rats
74 creatures vanquished.

Vanquished Creatures (collateral kills)
  A phantom (D:4)
  A scorpion (D:4)
  3 adders (D:4)
  A ribbon worm (D:4)
  A kobold (D:4)
7 creatures vanquished.

Vanquished Creatures (others)
  2 adder zombies (D:4)
  3 orc zombies (D:4)
5 creatures vanquished.

Grand Total: 86 creatures vanquished

Notes
Turn   | Place    | Note
-------+----------+-------------------------------------------
     0 | D:1      | adelrune the Coglin Hunter began the quest for the Orb.
     0 | D:1      | Reached XP level 1. HP: 16/16 MP: 1/1
   128 | D:1      | Reached XP level 2. HP: 22/22 MP: 2/2
   184 | D:1      | Reached skill level 4 in Ranged Weapons
   254 | D:1      | Reached XP level 3. HP: 28/28 MP: 3/3
   633 | D:2      | Noticed Robin
   636 | D:2      | Killed Robin
   638 | D:2      | Reached XP level 4. HP: 31/34 MP: 4/4
  1404 | D:3      | Found a faded altar of an unknown god.
  1614 | D:3      | Prayed at the altar of an unknown god.
  1614 | D:3      | Became a worshipper of Yredelemnul the Fallen
  1614 | D:3      | Reached * piety under Yredelemnul
  1673 | D:3      | Found a sacrificial altar of Ru.
  1773 | D:3      | Noticed Ijyb
  1782 | D:3      | Killed Ijyb
  1783 | D:3      | Reached XP level 5. HP: 27/41 MP: 5/5
  1900 | D:4      | Noticed jasper's ghost (amateur DsSh)
  1907 | D:4      | Found a runed translucent door.
  1936 | D:4      | Noticed a phantom
  1942 | D:4      | Killed a phantom
  1943 | D:4      | Reached skill level 5 in Ranged Weapons
  2084 | D:4      | Reached XP level 6. HP: 47/47 MP: 6/6
  2097 | D:4      | Reached skill level 1 in Invocations
  2141 | D:4      | Found a staircase to the Ecumenical Temple.
  2144 | D:4      | Found a burning altar of Makhleb.
  2403 | D:4      | HP: 2/47 [jasper's ghost (1)]
  2405 | D:4      | Demolished by jasper's ghost

Illustrated notes

Levels and vault maps discovered:
D:1:      dpeg_arrival_arbitrary_a, layout_loops_ring
D:2:      layout_loops_cross, uniq_robin
D:3:      layout_rooms, lemuel_coloured_pillars_altar,
          hellmonk_ecumenical_altar_run_dry, uniq_ijyb
D:4:      layout_cave_pools, mainiacjoe_overflow_cross_hatched,
          minmay_temple_entry_purple_smoke, hellmonk_ghost_happy_afterlife,
          grunt_decor_resistance, minmay_distorted

Skill      XL: |  1  2  3  4  5  6 |
---------------+-------------------+-----
Dodging        | 2 3 |  3.2
Ranged Weapons | 4 5 |  5.4
Fighting       | 3 |  3.5
Invocations    | 1 |  1.2
Stealth        | |  0.7

Action                     |  1- 3 |  4- 6 || total
---------------------------+-------+-------++-------
   Fire: Sling             |   122 |   202 ||   324
 Invoke: Light the Black T |       |     2 ||     2
 Armour: Leather armour    |     9 |    12 ||    21
  Dodge: Dodged            |    12 |    15 ||    27

Table legend: (Time is in decaauts)
 A = Elapsed time spent in this place.
 B = Non-inter-level travel time spent in this place.
 C = Inter-level travel time spent in this place.
 D = Time resting spent in this place.
 E = Time spent auto-exploring this place.
 F = Levels seen in this place.
 G = Mean time per level.
                   A        B        C        D        E       F      G
               +--------+--------+--------+--------+--------+-----+--------+
         Total |   2440 |   2333 |    107 |    200 |   1716 |   4 |  610.0 |
       Dungeon |   2440 |   2333 |    107 |    200 |   1716 |   4 |  610.0 |
               +--------+--------+--------+--------+--------+-----+--------+

Top non-repeatable levels by time:
     D:2: 716 daAuts
     D:3: 661 daAuts
     D:1: 545 daAuts
     D:4: 517 daAuts
